[Event "Titled Tuesday Blitz April 25 Late 2023"]
[White "Lazavik, Denis"]
[Black "Esipenko, Andrey"]
[WhiteFideId "13515110"]
[BlackFideId "24175439"]
[WhiteElo "2560"]
[BlackElo "2615"]
[Result "0-1"]
[Round "06"]
[TimeControl "180+2"]
[Date "2023.04.25"]
[WhiteClock "0:00:07"]
[BlackClock "0:00:06"]

1. d4 Nf6 2. c4 e6 3. Nf3 d5 4. Nc3 c6 5. Bg5 h6 6. Bxf6 Qxf6 7. e3 g6 8. Be2 Nd7 9. O-O Bg7 10. cxd5 exd5 11. b4 O-O 12. b5 Qd6 13. Rc1 Nb6 14. bxc6 bxc6 15. Na4 Nc4 16. Bxc4 dxc4 17. Nc5 Qd5 18. Qe2 Rb8 19. Qxc4 Rb2 20. Qxd5 cxd5 21. Rb1 Rxa2 22. Ra1 Rb2 23. Rxa7 Bf5 24. h3 Rfb8 25. g4 Be4 26. Nxe4 dxe4 27. Nh2 Bf6 28. d5 Rd2 29. Ra4 Re8 30. Ra6 Kg7 31. d6 Be5 32. Kg2 Bxd6 33. Ra4 Re6 34. Rd4 Ra2 35. Rd5 Rf6 36. g5 hxg5 37. Ng4 Re6 38. Rxg5 f5 39. Nh2 Be7 40. Rg3 Bh4 41. Rd1 Bxg3 42. Kxg3 Rb6 43. h4 Rbb2 44. Rf1 Kh6 45. Kg2 Kh5 46. Kg3 Rc2 0-1


[Site "https://www.chess.com"]

[Event "Titled Tuesday Blitz April 25 Late 2023"]
[White "Makarian, Rudik"]
[Black "Janik, Igor"]
[WhiteFideId "44105681"]
[BlackFideId "1159259"]
[WhiteElo "2430"]
[BlackElo "2484"]
[Result "1/2-1/2"]
[Round "06"]
[TimeControl "180+2"]
[Date "2023.04.25"]
[WhiteClock "0:00:07"]
[BlackClock "0:00:13"]

1. d4 Nf6 2. c4 e6 3. Nf3 b6 4. g3 Bb7 5. Bg2 c5 6. d5 exd5 7. Nh4 g6 8. O-O Bg7 9. Nc3 O-O 10. cxd5 d6 11. e4 Re8 12. Re1 a6 13. a4 Nbd7 14. h3 c4 15. Bf1 Nc5 16. Bg5 h6 17. Bxf6 Bxf6 18. Nf3 Bxc3 19. bxc3 Nxe4 20. Qd4 Nc5 21. Bxc4 Qd7 22. Qf4 Kg7 23. h4 Rxe1+ 24. Rxe1 Re8 25. Rxe8 Qxe8 26. Qxd6 Nxa4 27. h5 Qe4 28. Ne5 Nxc3 29. Nd7 Qe1+ 30. Kg2 Qxf2+ 31. Kh1 Qe1+ 32. Kg2 Qf2+ 33. Kh1 Qf3+ 34. Kg1 Qe3+ 35. Kh2 Qf2+ 36. Kh1 1/2-1/2


[Site "https://www.chess.com"]

[Event "Titled Tuesday Blitz April 25 Late 2023"]
[White "Kevlishvili, Robby"]
[Black "Nihal Sarin"]
[WhiteFideId "1040634"]
[BlackFideId "25092340"]
[WhiteElo "2572"]
[BlackElo "2689"]
[Result "0-1"]
[Round "06"]
[TimeControl "180+2"]
[Date "2023.04.25"]
[WhiteClock "0:00:06"]
[BlackClock "0:00:07"]

1. e4 Nf6 2. e5 Ng8 3. d4 d6 4. Nf3 Bg4 5. Bc4 e6 6. h3 Bh5 7. exd6 Bxd6 8. O-O Nf6 9. Re1 O-O 10. c3 Nbd7 11. Nbd2 c5 12. Be2 Qc7 13. Nc4 Bxf3 14. Bxf3 Bh2+ 15. Kh1 cxd4 16. Qxd4 Rfd8 17. Qh4 Rac8 18. Na5 Qxa5 19. Kxh2 Ne5 20. Bxb7 Rb8 21. Be4 Nxe4 22. Qxe4 Nd3 23. Re2 Nxc1 24. Rxc1 Qxa2 25. b4 Qa6 26. Rcc2 Qc8 27. Re3 Qc7+ 28. Qe5 Rdc8 29. Qxc7 Rxc7 30. Ra2 Rbc8 31. Ra3 g6 32. g3 Kg7 33. Kg2 g5 34. Kf3 Kg6 35. Ke2 h5 36. Kd2 Rd8+ 37. Rd3 Rxd3+ 38. Kxd3 Kf5 39. Ra5+ e5 40. c4 h4 41. gxh4 gxh4 42. c5 Kf4 43. Ra6 f5 44. Kc4 Kf3 45. Ra2 e4 46. b5 f4 47. Kd5 e3 48. fxe3 fxe3 49. b6 axb6 50. cxb6 Rh7 51. Ra7 Rh5+ 52. Kd4 e2 53. Rf7+ Kg2 54. Re7 Kf2 55. Rf7+ Kg2 56. Re7 Kf2 57. Rf7+ Ke1 58. b7 Rb5 59. Kc4 Rb1 60. Kc5 Kd2 61. Rd7+ Ke3 62. Re7+ Kf3 63. Rf7+ Kg3 64. Re7 Rxb7 65. Rxe2 Kxh3 66. Re8 Rd7 67. Rg8 Kh2 68. Kc4 h3 69. Kc3 Kh1 70. Kc2 h2 71. Rg7 Rxg7 0-1


[Site "https://www.chess.com"]

[Event "Titled Tuesday Blitz April 25 Late 2023"]
[White "Martinez Alcantara, Jose Eduardo"]
[Black "Andreikin, Dmitry"]
[WhiteFideId "3805662"]
[BlackFideId "4158814"]
[WhiteElo "2711"]
[BlackElo "2736"]
[Result "1-0"]
[Round "06"]
[TimeControl "180+2"]
[Date "2023.04.25"]
[WhiteClock "0:00:05"]
[BlackClock "0:00:01"]

1. e4 c5 2. Nf3 Nc6 3. Bb5 Nf6 4. Nc3 e5 5. d3 d6 6. Bg5 Be7 7. Bxf6 Bxf6 8. Nd5 O-O 9. c3 Be6 10. Bc4 Kh8 11. h4 Bg4 12. Ne3 Be6 13. g4 Be7 14. Bd5 Qd7 15. Rg1 Bd8 16. h5 Ne7 17. Bb3 Bc7 18. Nf5 Rad8 19. Ng5 d5 20. Qf3 dxe4 21. Nxe4 Nxf5 22. gxf5 Bxf5 23. Nxc5 Qc8 24. Ne4 Bxe4 25. Qxe4 f5 26. Qg2 Qd7 27. O-O-O Qe7 28. Kb1 Bb6 29. Rge1 Qf6 30. a4 Rd7 31. f4 exf4 32. d4 Re7 33. Rxe7 Qxe7 34. Bd5 Bc7 35. Bxb7 h6 36. Rg1 Qf6 37. Bd5 Re8 38. Ka2 Bd6 39. Qf1 Rb8 40. Qe2 Qd8 41. Rg6 Qd7 42. Bb3 Bf8 43. Qc4 Be7 44. Qf7 Qb7 45. Qxg7# 1-0


[Site "https://www.chess.com"]

[Event "Titled Tuesday Blitz April 25 Late 2023"]
[White "Duda, Jan-Krzysztof"]
[Black "Anton Guijarro, David"]
[WhiteFideId "1170546"]
[BlackFideId "2285525"]
[WhiteElo "2790"]
[BlackElo "2618"]
[Result "1-0"]
[Round "06"]
[TimeControl "180+2"]
[Date "2023.04.25"]
[WhiteClock "0:00:04"]
[BlackClock "0:00:06"]

1. e4 c6 2. d4 d5 3. e5 Bf5 4. Nd2 e6 5. Nb3 Nd7 6. Nf3 Ne7 7. Be2 Nc8 8. O-O Be7 9. a4 a5 10. Bd2 O-O 11. Re1 Bg6 12. h3 h6 13. Nh2 b6 14. c3 c5 15. Bh5 Qe8 16. Bxg6 fxg6 17. f4 Na7 18. Nf3 Nc6 19. Qe2 c4 20. Nc1 Rb8 21. b3 cxb3 22. Nxb3 Qf7 23. Nc1 Rfd8 24. Rf1 Nf8 25. g4 Rdc8 26. Qd3 Qe8 27. Ne2 Nd8 28. Ng3 b5 29. f5 exf5 30. gxf5 gxf5 31. Nxf5 bxa4 32. Rf2 Nde6 33. Rg2 Kh8 34. Kh2 Nh7 35. Rag1 Bg5 36. Nd6 Qf8 37. Nxc8 Rxc8 38. Nxg5 hxg5 39. Rf1 Qe8 40. Rgf2 a3 41. Bc1 Qh5 42. Qf5 Nhf8 43. Bxa3 Rxc3 44. Bxf8 Nf4 45. Rxf4 1-0


[Site "https://www.chess.com"]

[Event "Titled Tuesday Blitz April 25 Late 2023"]
[White "Babazada, Khazar"]
[Black "Caruana, Fabiano"]
[WhiteFideId "13413554"]
[BlackFideId "2020009"]
[WhiteElo "2351"]
[BlackElo "2837"]
[Result "0-1"]
[Round "06"]
[TimeControl "180+2"]
[Date "2023.04.25"]
[WhiteClock "0:00:02"]
[BlackClock "0:00:06"]

1. e4 e5 2. Nf3 Nc6 3. Bb5 a6 4. Ba4 Nf6 5. O-O b5 6. Bb3 Bc5 7. c3 d6 8. h3 O-O 9. a4 Rb8 10. axb5 axb5 11. Bc2 h6 12. d4 Bb6 13. Be3 Re8 14. Nbd2 exd4 15. Nxd4 Bb7 16. Nxc6 Bxc6 17. Bxb6 Rxb6 18. Re1 Rb8 19. Re3 Nd7 20. Nb3 Ne5 21. Nd4 Bd7 22. Bb3 c5 23. Nf3 c4 24. Bc2 Nxf3+ 25. Qxf3 Bc6 26. Qg3 Qe7 27. Rd1 Rbd8 28. Rd4 Qe5 29. f4 Qc5 30. b4 cxb3 31. Bxb3 Rxe4 32. Rexe4 Bxe4 33. Qe3 Bg6 34. Kh2 d5 35. Qe5 Kh8 36. Rxd5 Rxd5 37. Bxd5 Qc8 38. g4 f6 39. Qd6 Bh7 40. Be6 Qa8 41. Qd5 Qb8 42. Kg3 Bc2 43. Kf3 Bg6 44. Bd7 b4 45. f5 Bh7 46. cxb4 Qxb4 47. Be6 Qc3+ 48. Kf2 Qc2+ 49. Ke3 Qc3+ 50. Qd3 Qc5+ 51. Qd4 Qc7 52. Kd2 Bg8 53. Bxg8 Kxg8 54. Qd5+ Kh7 55. Qf3 Qe5 56. Qe3 Qh2+ 57. Kd3 Qg2 58. Kd4 h5 59. Qf4 h4 60. Qe3 Qh2 61. Kd5 Qg3 62. Ke4 Qe5+ 63. Kf3 Qh2 64. Ke4 Qg2+ 65. Kd3 Qd5+ 66. Ke2 Qg2+ 67. Kd3 Qf1+ 68. Ke4 Qh1+ 69. Qf3 Qe1+ 70. Kd3 Qe5 71. Qf2 Qd5+ 72. Ke2 Qe4+ 73. Kd2 Qd5+ 74. Ke2 Qc4+ 75. Kd2 Qa2+ 76. Ke1 Qa1+ 77. Ke2 Qa2+ 78. Kf1 Qc4+ 79. Kg1 Qc1+ 80. Kh2 Qg5 81. Kg2 Kh6 82. Qe2 Qf4 83. Qf2 Kg5 84. Kf1 Qxf2+ 85. Kxf2 Kf4 86. Kg2 Ke3 87. Kf1 Kf3 0-1


[Site "https://www.chess.com"]

[Event "Titled Tuesday Blitz April 25 Late 2023"]
[White "Firouzja, Alireza"]
[Black "Demchenko, Anton"]
[WhiteFideId "12573981"]
[BlackFideId "4160258"]
[WhiteElo "2904"]
[BlackElo "2545"]
[Result "1-0"]
[Round "06"]
[TimeControl "180+2"]
[Date "2023.04.25"]
[WhiteClock "0:00:26"]
[BlackClock "0:00:07"]

1. d4 Nf6 2. c4 d6 3. Nc3 e5 4. Nf3 Nc6 5. g3 Be7 6. Bg2 O-O 7. O-O h6 8. e3 Bf5 9. b3 Re8 10. Bb2 Bf8 11. Nh4 Bh7 12. dxe5 dxe5 13. Nd5 Nxd5 14. Bxd5 Nb4 15. Bxb7 Rb8 16. Bf3 g5 17. Ng2 e4 18. Bh5 Qxd1 19. Rfxd1 Nd3 20. Bc3 Bg7 21. Bxg7 Kxg7 22. Rd2 a5 23. Ne1 Ne5 24. Nc2 a4 25. Nd4 axb3 26. axb3 Ra8 27. Rb1 c6 28. Be2 g4 29. Kg2 Red8 30. Rbd1 Kf6 31. Nxc6 Nxc6 32. Rd6+ Kg5 33. Rxc6 Rxd1 34. Bxd1 Rd8 35. Rc5+ f5 36. Rd5 Rxd5 37. cxd5 Bg8 38. d6 Kf6 39. b4 Bd5 40. Ba4 Ke6 41. d7 Ke7 42. Kf1 1-0


[Site "https://www.chess.com"]

[Event "Titled Tuesday Blitz April 25 Late 2023"]
[White "Sarana, Alexey"]
[Black "Quesada Perez, Yasser"]
[WhiteFideId "24133795"]
[BlackFideId "3509362"]
[WhiteElo "2714"]
[BlackElo "2496"]
[Result "1-0"]
[Round "06"]
[TimeControl "180+2"]
[Date "2023.04.25"]
[WhiteClock "0:01:13"]
[BlackClock "0:00:02"]

1. d4 Nf6 2. c4 e6 3. Nc3 Bb4 4. e3 O-O 5. Bd3 c5 6. Ne2 d5 7. cxd5 exd5 8. a3 Bxc3+ 9. bxc3 b6 10. O-O Ba6 11. f3 Bxd3 12. Qxd3 Nc6 13. Ng3 Re8 14. Bb2 Na5 15. e4 Rc8 16. e5 Nd7 17. Nf5 Nc4 18. Bc1 Nf8 19. f4 Qd7 20. Ng3 f6 21. Ra2 Kh8 22. Re2 cxd4 23. cxd4 b5 24. Kh1 a5 25. Nh5 f5 26. g4 fxg4 27. f5 b4 28. axb4 axb4 29. Qg3 Rb8 30. Qxg4 b3 31. e6 Qa7 32. f6 g6 33. f7 Re7 34. Bh6 Nxe6 35. Bg7+ Nxg7 36. f8=Q+ 1-0


[Site "https://www.chess.com"]

[Event "Titled Tuesday Blitz April 25 Late 2023"]
[White "Mekhitarian, Krikor Sevag"]
[Black "Deac, Bogdan-Daniel"]
[WhiteFideId "2107660"]
[BlackFideId "1226380"]
[WhiteElo "2604"]
[BlackElo "2649"]
[Result "0-1"]
[Round "06"]
[TimeControl "180+2"]
[Date "2023.04.25"]
[WhiteClock "0:00:02"]
[BlackClock "0:00:03"]

1. Nf3 b6 2. g3 Bb7 3. Bg2 g6 4. c4 c5 5. O-O Bg7 6. Nc3 Nf6 7. d4 cxd4 8. Qxd4 d6 9. Rd1 Nbd7 10. b3 O-O 11. Bb2 a6 12. Rac1 Rb8 13. Nd5 b5 14. Nxf6+ Bxf6 15. Qd2 Qb6 16. Bxf6 Nxf6 17. Qd4 Qa5 18. Qd2 Qa3 19. cxb5 axb5 20. Nd4 Bxg2 21. Kxg2 Qa8+ 22. Kg1 Rb6 23. Rc2 e5 24. Nf3 b4 25. Qe3 Ra6 26. Qd2 Rb8 27. Rdc1 Kg7 28. Ng5 Qd5 29. Qe3 h6 30. Nf3 Qa8 31. Qd2 Ne4 32. Qe3 Nf6 33. Qd2 Qe4 34. Rc4 Qd5 35. Qc2 Qa5 36. Qd2 Qxa2 37. R4c2 Qxb3 38. Rc7 Qe6 39. Qd3 Rab6 40. Qb1 b3 41. Rd1 b2 0-1


[Site "https://www.chess.com"]

[Event "Titled Tuesday Blitz April 25 Late 2023"]
[White "Baskakov, Egor"]
[Black "Bluebaum, Matthias"]
[WhiteFideId "24197866"]
[BlackFideId "24651516"]
[WhiteElo "2212"]
[BlackElo "2638"]
[Result "0-1"]
[Round "06"]
[TimeControl "180+2"]
[Date "2023.04.25"]
[WhiteClock "0:00:03"]
[BlackClock "0:00:20"]

1. e4 e6 2. Nc3 d5 3. g3 dxe4 4. Nxe4 Bd7 5. Bg2 Bc6 6. f3 Nf6 7. d4 Be7 8. Ne2 O-O 9. O-O b6 10. Kh1 Bb7 11. Be3 Nbd7 12. c4 c5 13. Nxf6+ Bxf6 14. b3 Qe7 15. Qc2 Rfd8 16. Rad1 cxd4 17. Nxd4 Nc5 18. Rfe1 Rd7 19. Bg1 Rad8 20. Nf5 Qf8 21. Rxd7 Rxd7 22. Ne3 Nd3 23. Rd1 Qd8 24. Rd2 Ne1 25. Rxd7 Qxd7 26. Qe2 Nxg2 27. Kxg2 h5 28. Qd1 Qc6 29. h3 g5 30. g4 h4 31. Nc2 Qc7 32. Bh2 Be5 33. Bg1 Bf4 34. Qd4 e5 35. Qd3 Qe7 36. Ne3 e4 37. Qd4 exf3+ 38. Kf1 Be4 39. Bf2 Kh7 40. Kg1 Kg6 41. Nd5 Qe5 42. Nxf4+ Qxf4 43. Qe3 Qe5 44. Qd4 Qe6 45. Qh8 f6 46. Be3 Bb1 47. Kf2 Bxa2 48. Kxf3 Bxb3 49. c5 bxc5 50. Qf8 Bd5+ 51. Kf2 Qe4 0-1


[Site "https://www.chess.com"]

[Event "Titled Tuesday Blitz April 25 Late 2023"]
[White "Smirnov, Pavel"]
[Black "Kollars, Dmitrij"]
[WhiteFideId "4123425"]
[BlackFideId "12909572"]
[WhiteElo "2519"]
[BlackElo "2584"]
[Result "0-1"]
[Round "06"]
[TimeControl "180+2"]
[Date "2023.04.25"]
[WhiteClock "0:00:02"]
[BlackClock "0:00:12"]

1. d4 Nf6 2. c4 e6 3. g3 d5 4. Nf3 c6 5. Bg2 dxc4 6. O-O b5 7. Ne5 Bb7 8. a4 Nd5 9. e4 Nb4 10. Nc3 a6 11. Qh5 g6 12. Nxg6 fxg6 13. Qe5 Nd7 14. Qxh8 Qe7 15. h4 Qg7 16. Qxg7 Bxg7 17. Be3 Nc2 18. Rad1 O-O-O 19. Bg5 Nxd4 20. Bxd8 Kxd8 21. e5 Bxe5 22. axb5 axb5 23. Rfe1 Bg7 24. Ne4 Ke7 25. Ng5 h6 26. Rxd4 Bxd4 27. Nxe6 Be5 28. Bh3 Kf6 29. Nd8 Nc5 30. Nxb7 Nxb7 31. Re2 Na5 32. Kf1 b4 33. f4 Bd4 34. g4 b3 35. g5+ hxg5 36. hxg5+ Kg7 37. Be6 c3 38. bxc3 Bxc3 39. f5 gxf5 40. Bxf5 c5 41. Re7+ Kf8 42. Rc7 Bd4 43. g6 Nc4 44. Rf7+ Ke8 45. Bd7+ Kd8 46. Ba4 b2 47. Rb7 b1=Q+ 48. Rxb1 Nd2+ 49. Ke2 Nxb1 50. Kd3 Nc3 51. Bb3 Kc7 52. Kc4 Kd6 53. Bc2 Nd5 54. Be4 Nf4 55. Bf5 Nh5 56. Bd3 Ng7 57. Be4 Ke5 58. Bd3 Kf6 59. Be4 Ne6 60. Bd3 Nf4 61. Be4 Nxg6 62. Kd3 Ne5+ 63. Kc2 Ke6 64. Bb7 Kd6 65. Ba6 Kc7 66. Be2 Kb6 67. Bf1 Ka5 68. Be2 Kb4 69. Bf1 Ka4 70. Be2 Ka5 71. Bf1 Kb6 72. Be2 Kc7 73. Bf1 Kd6 74. Be2 Ke7 75. Bf1 Kf6 76. Be2 Kf5 77. Bf1 Kf4 78. Ba6 Ke3 79. Bb5 Nf7 80. Bc4 Nd6 81. Ba6 Be5 82. Bf1 Kd4 83. Ba6 Nc4 84. Kb3 Ne3 85. Bb5 Bd6 86. Ba6 c4+ 87. Bxc4 Nxc4 88. Kc2 Ne3+ 89. Kb3 Bc5 90. Ka4 Kc4 91. Ka5 Nd1 92. Ka6 Kd5 93. Kb7 Nc3 94. Kc7 Bd6+ 95. Kb6 Ne4 96. Kb7 Nf6 97. Kb6 Bc5+ 98. Kb7 Kd6 99. Kc8 Kc6 100. Kb8 Ne4 101. Ka8 Nc3 102. Kb8 Nd5 0-1


[Site "https://www.chess.com"]

[Event "Titled Tuesday Blitz April 25 Late 2023"]
[White "Rozen, Eytan"]
[Black "Paravyan, David"]
[WhiteFideId "2816750"]
[BlackFideId "4194985"]
[WhiteElo "2451"]
[BlackElo "2563"]
[Result "0-1"]
[Round "06"]
[TimeControl "180+2"]
[Date "2023.04.25"]
[WhiteClock "0:00:12"]
[BlackClock "0:00:15"]

1. e4 e5 2. Nf3 Nf6 3. d4 Nxe4 4. Bd3 d5 5. Nxe5 Bd6 6. O-O O-O 7. Nc3 f5 8. f3 Nxc3 9. bxc3 Nd7 10. f4 Nf6 11. c4 Be6 12. cxd5 Bxd5 13. c4 Be4 14. Be3 Bxe5 15. fxe5 Ng4 16. Bxe4 Nxe3 17. Qd3 Nxf1 18. Bxb7 Rb8 19. Bd5+ Kh8 20. Rxf1 g6 21. e6 Qd6 22. Re1 Rbe8 23. Qf3 c6 24. Bxc6 Rxe6 25. Rxe6 Qxe6 26. h3 Qxc4 27. d5 Qd4+ 28. Kh1 Qa1+ 29. Kh2 Qe5+ 30. Kh1 Rb8 31. Qd1 Qe4 32. Kh2 Rb1 33. Qf3 Qxf3 34. gxf3 Rd1 35. Kg3 Kg7 36. Kf4 Kf6 37. h4 Rd4+ 38. Kg3 Ke5 39. a4 a5 40. h5 gxh5 41. f4+ Rxf4 42. d6 Rg4+ 0-1


[Site "https://www.chess.com"]

[Event "Titled Tuesday Blitz April 25 Late 2023"]
[White "Djordjevic, Vuk"]
[Black "Bortnyk, Mykola"]
[WhiteFideId "902098"]
[BlackFideId "14120836"]
[WhiteElo "2452"]
[BlackElo "2582"]
[Result "0-1"]
[Round "06"]
[TimeControl "180+2"]
[Date "2023.04.25"]
[WhiteClock "0:00:02"]
[BlackClock "0:00:12"]

1. d4 d5 2. Bf4 c5 3. e3 cxd4 4. exd4 Nc6 5. c3 Bf5 6. Nf3 e6 7. Bb5 f6 8. O-O g5 9. Bc1 h5 10. Re1 Ne7 11. Nbd2 Kf7 12. Nf1 Qd6 13. a4 h4 14. h3 Ng6 15. Ne3 Be4 16. Bd3 Be7 17. Nc4 dxc4 18. Bxe4 Nf4 19. Bxf4 Qxf4 20. Qe2 Nd8 21. Bxb7 Rb8 22. Ba6 g4 23. hxg4 Rg8 24. g5 Bd6 25. Bxc4 Rxg5 26. Nxg5+ fxg5 27. Qf3 Qxf3 28. gxf3 Rxb2 29. Re2 Rb6 30. Rae1 Bf4 31. Kg2 Rc6 32. Ba2 Kf6 33. c4 Rd6 34. d5 exd5 35. cxd5 Ra6 36. Bb3 Rb6 37. Bc4 Rb4 38. Bb5 Rb3 39. Re8 Nf7 40. R1e6+ Kg7 41. R8e7 g4 42. Be8 h3+ 43. Kf1 h2 44. Rxf7+ Kh8 45. Rf8+ Kg7 46. Rf7+ Kh8 47. fxg4 h1=Q+ 48. Ke2 Qf3+ 49. Kf1 Rb1+ 50. Re1 Qh1+ 0-1


[Site "https://www.chess.com"]

[Event "Titled Tuesday Blitz April 25 Late 2023"]
[White "Rustemov, Alexander"]
[Black "Hakobyan, Aram"]
[WhiteFideId "4119002"]
[BlackFideId "13306677"]
[WhiteElo "2525"]
[BlackElo "2584"]
[Result "1-0"]
[Round "06"]
[TimeControl "180+2"]
[Date "2023.04.25"]
[WhiteClock "0:00:10"]
[BlackClock "0:00:01"]

1. d4 Nf6 2. c4 e6 3. Nf3 d5 4. Nc3 a6 5. cxd5 exd5 6. Bg5 Be6 7. e3 Nbd7 8. Bd3 h6 9. Bf4 g5 10. Bg3 Nh5 11. Be5 Nhf6 12. Bg3 Nh5 13. Be5 Ng7 14. h3 Nxe5 15. Nxe5 Bd6 16. O-O c5 17. f4 f5 18. Qf3 O-O 19. Rad1 cxd4 20. exd4 gxf4 21. Ne2 Qb6 22. Kh1 Rae8 23. Ng6 Rf6 24. Ngxf4 Qxb2 25. Rb1 Qxa2 26. Rxb7 Bf7 27. Rc1 Kf8 28. Rc2 Qa5 29. Qf2 Qa1+ 30. Rc1 Qa3 31. Rc6 Qa4 32. Rxa6 Qd1+ 33. Qg1 Qxg1+ 34. Kxg1 Nh5 35. g3 Nxf4 36. Nxf4 Re7 37. Rbb6 Rd7 38. Kf2 Rd8 39. Kf3 Kg7 40. Rb7 Re8 41. Raa7 Rf8 42. Nh5+ Kg6 43. Nxf6 Kxf6 44. Ra6 Rd8 45. Rbb6 Ke7 46. Bxf5 Be8 47. g4 h5 48. Rb7+ Kf6 49. Rbb6 Ke7 50. g5 Bf7 51. g6 Be6 52. Bxe6 Kxe6 53. Rxd6+ 1-0


[Site "https://www.chess.com"]

[Event "Titled Tuesday Blitz April 25 Late 2023"]
[White "Svane, Rasmus"]
[Black "Sieciechowicz, Marcin"]
[WhiteFideId "4657101"]
[BlackFideId "1130170"]
[WhiteElo "2597"]
[BlackElo "2302"]
[Result "1-0"]
[Round "06"]
[TimeControl "180+2"]
[Date "2023.04.25"]
[WhiteClock "0:00:41"]
[BlackClock "0:00:15"]

1. Nf3 d5 2. g3 Nf6 3. Bg2 c6 4. O-O Bf5 5. c4 e6 6. Qb3 Qb6 7. d3 Nbd7 8. cxd5 exd5 9. Qc2 h6 10. Nc3 Bd6 11. e4 dxe4 12. dxe4 Bh7 13. Be3 Qa5 14. a3 O-O 15. Rad1 Be5 16. Nxe5 Nxe5 17. Qb3 Qa6 18. Bd4 Rfe8 19. f4 Nc4 20. e5 Ng4 21. Ne4 Bxe4 22. Bxe4 h5 23. h3 Nh6 24. Qf3 Rad8 25. Rf2 Qa4 26. b3 Qxa3 27. bxc4 Qxf3 28. Bxf3 Nf5 29. Rfd2 Nxg3 30. Bxa7 Ra8 31. Bf2 Nf5 32. Bxh5 Ra4 33. Bg4 Nh6 34. Rd8 Rxd8 35. Rxd8+ Kh7 36. Be2 Ra2 37. Bd3+ g6 38. Rd7 Kg7 39. e6 Kf8 40. exf7 Rd2 41. Bc5+ 1-0


[Site "https://www.chess.com"]

[Event "Titled Tuesday Blitz April 25 Late 2023"]
[White "Weetik, Vjacheslav"]
[Black "Svane, Frederik"]
[WhiteFideId "4153472"]
[BlackFideId "12923044"]
[WhiteElo "2469"]
[BlackElo "2502"]
[Result "0-1"]
[Round "06"]
[TimeControl "180+2"]
[Date "2023.04.25"]
[WhiteClock "0:00:02"]
[BlackClock "0:00:18"]

1. d4 Nf6 2. Bf4 b6 3. Nf3 Bb7 4. e3 Nh5 5. Bg5 h6 6. Bh4 g5 7. Nfd2 Nf4 8. exf4 gxh4 9. Nf3 c5 10. Nxh4 e6 11. Nf3 Bg7 12. dxc5 Bxb2 13. Nbd2 Bxa1 14. Qxa1 Rg8 15. Nc4 Bxf3 16. gxf3 bxc5 17. Qe5 d5 18. Nd6+ Kf8 19. Bb5 a6 20. Be8 Ra7 21. f5 f6 22. Qf4 e5 23. Qxh6+ Rag7 24. Bf7 Qxd6 25. Bxg8 Kxg8 26. Ke2 Nc6 27. Rb1 Nd4+ 28. Kf1 Nxf3 29. Qh5 Rg1+ 30. Ke2 Rxb1 31. Qe8+ Kg7 32. Qg6+ Kf8 33. Qh6+ Ke8 34. Qh8+ Kd7 35. Qg7+ Kc6 0-1


[Site "https://www.chess.com"]

[Event "Titled Tuesday Blitz April 25 Late 2023"]
[White "Bryakin, Mikhail"]
[Black "Van Foreest, Jorden"]
[WhiteFideId "4165314"]
[BlackFideId "1039784"]
[WhiteElo "2447"]
[BlackElo "2633"]
[Result "1/2-1/2"]
[Round "06"]
[TimeControl "180+2"]
[Date "2023.04.25"]
[WhiteClock "0:00:06"]
[BlackClock "0:00:39"]

1. Nf3 Nf6 2. b3 d5 3. Bb2 Bf5 4. e3 e6 5. c4 c6 6. d4 Bb4+ 7. Nbd2 h6 8. a3 Be7 9. Be2 a5 10. O-O O-O 11. Ne5 Nbd7 12. f4 Bh7 13. Bf3 Rc8 14. Re1 b5 15. c5 Ne4 16. b4 Ndf6 17. Nb3 a4 18. Nc1 Ne8 19. Ne2 f6 20. Nd3 g5 21. Nc3 Ng7 22. Nf2 Nxc3 23. Bxc3 f5 24. g3 Ne8 25. Nd3 Nf6 26. Ne5 Nd7 27. Kf2 Nxe5 28. dxe5 Bg6 29. Bd4 Qe8 30. Rh1 Kh7 31. h4 gxh4 32. gxh4 Rg8 33. h5 Bf7 34. Qe2 Rg7 35. Rag1 Rxg1 36. Rxg1 Qd7 37. Kf1 Rg8 38. Rxg8 Bxg8 39. Qg2 Bf7 40. Qh3 Qe8 41. Kf2 Qd8 42. Kf1 Bh4 43. Bc3 Be7 44. Bd4 Kg7 45. Bc3 Qh8 46. Bd4 Kf8 47. Bc3 Ke8 48. Bd4 Kd7 49. Be2 Qh7 50. Ke1 Qh8 51. Kd2 Qg7 52. Qf1 Qg3 53. Bxb5 Bxh5 54. Bxc6+ Kxc6 55. Qa6+ Kd7 56. Qxa4+ Kd8 57. Qa8+ Kc7 58. Qa7+ Kd8 59. Qb8+ Kd7 60. Qb5+ Kc7 61. Qb6+ Kc8 62. Qc6+ Kd8 63. Qa8+ Kc7 64. Qa7+ Kc8 65. Qa8+ Kc7 1/2-1/2


[Site "https://www.chess.com"]

[Event "Titled Tuesday Blitz April 25 Late 2023"]
[White "Grigoriants, Sergey"]
[Black "Papasimakopoulos, Alexandros"]
[WhiteFideId "4130804"]
[BlackFideId "4244125"]
[WhiteElo "2502"]
[BlackElo "2359"]
[Result "1-0"]
[Round "06"]
[TimeControl "180+2"]
[Date "2023.04.25"]
[WhiteClock "0:00:07"]
[BlackClock "0:00:10"]

1. d4 Nf6 2. c4 e6 3. Nc3 Bb4 4. e3 O-O 5. Bd3 d5 6. Ne2 c5 7. cxd5 cxd4 8. exd4 Nxd5 9. Bc2 Re8 10. Qd3 g6 11. h4 Bf8 12. a3 h5 13. Bg5 Be7 14. Bxe7 Qxe7 15. O-O-O Nxc3 16. Nxc3 Nc6 17. g4 hxg4 18. h5 Qg5+ 19. Kb1 gxh5 20. Ne4 Qf4 21. Rxh5 Kf8 22. Qc3 Ne7 23. d5 Nxd5 24. Qc5+ Kg7 25. Rg5+ Qxg5 26. Nxg5 Bd7 27. Ne4 Bc6 28. Rh1 Rh8 29. Qd4+ f6 30. Rg1 Rh4 31. Nc5 Kf7 32. Rxg4 Rh1+ 33. Ka2 Rd8 34. Qc4 Nc7 35. Bb3 Bd5 36. Qe2 Bxb3+ 37. Nxb3 Rdd1 38. Rd4 Rde1 39. Rd7+ Ke8 40. Qd3 Nd5 41. Rxd5 exd5 42. Qxd5 Ke7 43. Qxb7+ Ke6 44. Qxa7 Rhf1 45. a4 Kf5 46. a5 Re4 47. Qc5+ Kg6 48. Ka3 Rh1 49. Qc2 Rh4 50. f3 f5 51. fxe4 Rxe4 52. a6 Re7 53. Qc6+ Re6 54. Qc5 Rxa6+ 55. Na5 Rf6 56. b4 f4 57. Nc4 f3 58. Qf2 Kg5 59. b5 Kf4 60. b6 Rf7 61. Kb4 Rg7 62. Qd4+ Kg3 63. Qxg7+ Kf2 64. b7 Kf1 65. b8=Q f2 66. Qf4 Ke2 67. Qb2+ Kd1 68. Qbd2# 1-0


[Site "https://www.chess.com"]

[Event "Titled Tuesday Blitz April 25 Late 2023"]
[White "Schmakel, Sam"]
[Black "Zhigalko, Sergei"]
[WhiteFideId "2039311"]
[BlackFideId "13502956"]
[WhiteElo "2356"]
[BlackElo "2626"]
[Result "0-1"]
[Round "06"]
[TimeControl "180+2"]
[Date "2023.04.25"]
[WhiteClock "0:00:02"]
[BlackClock "0:00:38"]

1. d4 Nf6 2. c4 e6 3. Nf3 b6 4. g3 Ba6 5. Qa4 Bb7 6. Bg2 c5 7. dxc5 bxc5 8. O-O Be7 9. Nc3 O-O 10. Bf4 Qb6 11. Rfd1 d6 12. Qb3 Rd8 13. Rd2 Ne8 14. Rad1 Nd7 15. Qc2 h6 16. a3 Bc6 17. e4 Qb7 18. Nd5 Bf8 19. b4 a6 20. bxc5 Nxc5 21. Rb1 Qa7 22. Nc3 Rac8 23. e5 Qa8 24. Qd1 dxe5 25. Be3 Rxd2 26. Bxd2 Rd8 27. Ne1 Bxg2 28. Nxg2 Ne4 29. Nxe4 Qxe4 30. Qe1 Qxc4 31. Bb4 Bxb4 32. axb4 Qb5 33. Rc1 Rb8 34. Nh4 Nf6 35. Qe3 e4 36. Qf4 Qxb4 37. Ng2 Qb2 38. g4 Nd5 0-1


[Site "https://www.chess.com"]

[Event "Titled Tuesday Blitz April 25 Late 2023"]
[White "Hansen, Eric"]
[Black "Bronstein, Or"]
[WhiteFideId "2606771"]
[BlackFideId "2815770"]
[WhiteElo "2561"]
[BlackElo "2356"]
[Result "0-1"]
[Round "06"]
[TimeControl "180+2"]
[Date "2023.04.25"]
[WhiteClock "0:00:01"]
[BlackClock "0:00:38"]

1. b3 d5 2. Bb2 Bg4 3. h3 Bh5 4. g4 Bg6 5. Nf3 Nc6 6. d3 f6 7. a3 e5 8. Bg2 a5 9. Nbd2 Bc5 10. e3 Nge7 11. Qe2 O-O 12. g5 Bh5 13. gxf6 Rxf6 14. Qf1 Ng6 15. O-O-O Qe7 16. d4 Bxa3 17. Qb5 a4 18. dxe5 Bxb2+ 19. Kxb2 Ngxe5 20. Qxd5+ Bf7 21. Qe4 axb3 22. Ra1 Ra2+ 23. Rxa2 bxa2 24. Nxe5 Nxe5 25. f4 Rb6+ 26. Ka1 Qa3 27. Nb3 Nc4 28. Qd4 Rd6 29. Qc3 b5 30. Bd5 Rxd5 31. Rg1 g6 0-1


[Site "https://www.chess.com"]